AoeStats
← jaredcool101

Arabia

509947296Analyzed
1v1 RM · 3d ago on Sep 28, 2026· 27m 18s· 2 players
Game mode
Random Map
Map size
Tiny (2 player)
Population
200
Speed
Normal
Resources
Standard
Victory
Conquest
Starting age
Dark Age
Ending age
Imperial Age
RankedLock teamsTeams togetherTeam positionsShared explorationLock speedFull tech treeHidden civsTurbo modeCheats
Victory
Defeat
🇪🇸 Georgians · Spain
716
+13
🇺🇸 Romans · United States
652
-13
jaredcool101
6:27 Loom
13:10 Feudal Age
13:39 Man-at-Arms
15:10 Scale Mail Armor
15:39 Forging
16:20 Horse Collar
16:29 Double-Bit Axe
18:22 Wheelbarrow
24:15 Castle Age
23:52 Bloodlines
24:21 Pikeman
25:06 Squires
Murciano8088
3:55 Loom
7:59 Feudal Age
11:31 Town Watch
14:40 Double-Bit Axe
19:03 Castle Age
Connection lost

Rejoining the realm…

Still unreachable

The connection could not be restored.

Session expired

The server has moved on; the page needs a fresh start.